 Dungeon Crawl Stone Soup version 0.29.1-2-gbd0b4ee654 (webtiles) character file.

Game seed: 8868453535335165162

1264 Earthwalker the Trooper (level 8, -7/73 HPs)
             Began as a Minotaur Fighter on Oct 27, 2022.
             Was a Believer of Okawaru.
             Killed by divine providence
             ... invoked by an orc priest
              (10 damage)
             ... on level 5 of the Dungeon.
             The game lasted 00:07:39 (5396 turns).

Earthwalker the Trooper (Minotaur Fighter)          Turns: 5396, Time: 00:07:39

Health: -7/73      AC:  7    Str: 29    XL:     8   Next: 27%
Magic:  7/7        EV:  9    Int:  5    God:    Okawaru [**....]
Gold:   234        SH:  5    Dex: 10    Spells: 7/7 levels left

rFire   . . .      SeeInvis +   B - +0 broad axe
rCold   . . .      Faith    .   c - +0 buckler
rNeg    . . .      Spirit   .   b - +0 scale mail
rPois   .          Reflect  .   (helmet restricted)
rElec   .          Harm     .   (no cloak)
rCorr   .          Rampage  .   (no gloves)
Will    .....                   (no boots)
Stlth   ..........              (no amulet)
HPRegen 0.22/turn               x - ring of see invisible
MPRegen 0.10/turn               v - +6 ring of strength

@: no status effects
A: horns 2, retaliatory headbutt
a: Renounce Religion, Heroism


You were on level 5 of the Dungeon.
You worshipped Okawaru.
Okawaru was pleased with you.
You visited 1 branch of the dungeon, and saw 6 of its levels.

You collected 234 gold pieces.

Inventory:

Hand Weapons
 a - a +0 war axe
 B - a +0 broad axe (weapon)
Missiles
 i - 2 curare-tipped darts
 n - 3 boomerangs (quivered)
 p - 4 poisoned darts
Armour
 b - a +0 scale mail (worn)
 c - a +0 buckler (worn)
Jewellery
 r - a ring of willpower
 v - a +6 ring of strength (right hand)
 x - a ring of see invisible (left hand)
Scrolls
 e - 5 scrolls of identify {unknown}
 f - 3 scrolls of teleportation {unknown}
 j - 5 scrolls of vulnerability {unknown}
 k - a scroll of brand weapon {unknown}
 o - a scroll of acquirement {unknown}
 w - 2 scrolls of butterflies {unknown}
 y - a scroll of magic mapping {unknown}
 A - a scroll of poison {unknown}
 C - a scroll of noise {unknown}
 D - 2 scrolls of amnesia {unknown}
Potions
 d - 2 potions of might
 g - 2 potions of curing {unknown}
 h - 3 potions of mutation {unknown}
 l - 3 potions of heal wounds {unknown}
 m - 2 potions of flight {unknown}
 q - a potion of magic {unknown}
 s - 2 potions of attraction {unknown}
 t - 2 potions of degeneration {unknown}
 u - a potion of ambrosia {unknown}
 z - a potion of cancellation {unknown}


   Skills:
 + Level 7.0 Fighting
 + Level 6.4 Axes
 + Level 6.9 Armour
 + Level 7.0 Shields


You had 7 spell levels left.
You didn't know any spells.
Your spell library contained the following spells:

 Spells                   Type           Power      Damage    Failure   Level
 Dazzling Flash           Conj/Hex       0%         N/A       98%         3
 Iskenderun's Mystic Bla  Conj/Tloc      0%         2d3       100%        4
 Passage of Golubria      Tloc           0%         N/A       100%        4
 Yara's Violent Unravell  Hex/Tmut       0%         3d3       100%        5
 Starburst                Conj/Fire      0%         6d3       100%        6
 Summon Small Mammal      Summ           Unusable   N/A       N/A         1
 Call Canine Familiar     Summ           Unusable   N/A       N/A         3
 Summon Guardian Golem    Hex/Summ       Unusable   N/A       N/A         3
 Tukima's Dance           Hex            Unusable   N/A       N/A         3

Dungeon Overview and Level Annotations

Branches:
Dungeon (6/15)             Temple (0/1) D:4

Altars:
Dithmenos
Okawaru
Xom


Innate Abilities, Weirdness & Mutations

You have a pair of horns on your head.
You reflexively headbutt those who attack you in melee.


Message History

The ice beast hits you. The ice beast freezes you!
Your Shields skill increases to level 7!
You hit the ice beast.
The ice beast is moderately wounded.
The ice beast barely misses you. You furiously retaliate!
You headbutt the ice beast. You completely miss the ice beast.
Your headbutt misses the ice beast.
The ice beast is moderately wounded.
The ice beast barely misses you. You furiously retaliate!
You headbutt the ice beast. You hit the ice beast.
The ice beast is severely wounded.
The ice beast hits you. The ice beast freezes you.
The orc priest invokes the aid of Beogh against you.
Beogh smites you! The ice beast hits you. The ice beast freezes you!
* * * LOW HITPOINT WARNING * * *
You are too injured to fight recklessly!
You are too injured to fight recklessly!
You barely miss the ice beast.
The ice beast is severely wounded.
The ice beast hits you.
* * * LOW HITPOINT WARNING * * *
The ice beast freezes you!
* * * LOW HITPOINT WARNING * * *
You hit the ice beast. Your headbutt misses the ice beast.
The ice beast is severely wounded.
The ice beast hits you but does no damage.
The orc priest miscasts a cantrip.
Unknown command.
You barely miss the ice beast.
The ice beast is severely wounded.
You block the ice beast's attack. The ice beast closely misses you.
You furiously retaliate!
You headbutt the ice beast, but do no damage.
You slash the ice beast!
You kill the ice beast!
Okawaru accepts your kill.
The orc priest calls down the wrath of Beogh upon you.
Beogh smites you!
You die...

#.# #.########...## #.# #.#
#.............### #.# '.#
##.########......########.#
#.###.## #.....).........#
#....## #..###.##########
#.#.## #......# #...#
##.##### ..### #)# ..# #@#
### #)# #o# #.# #)# #.# ...
... ...


You could see an orc priest.

Vanquished Creatures
  Sigmund (D:2)
  Duvessa (D:4)
  An ice beast (D:5)
  A black bear (D:5)
  An ogre (D:5)
  A phantom (D:3)
  A scorpion (D:5)
  A necrophage (D:5)
  Dowan (D:4)
  A howler monkey (D:5)
  2 hounds (D:5)
  6 orc priests
  Jessica (D:2)
  An iguana (D:3)
  An orc wizard (D:5)
  Natasha (thrice) (D:2)
  4 adders (D:4)
  A shadow imp (D:6)
  An ufetubus (D:5)
  A worm (D:2)
  5 dart slugs
  16 orcs
  8 bats
  13 endoplasms
  5 giant cockroaches
  9 goblins
  4 hobgoblins
  6 quokkas
  5 ball pythons
  7 frilled lizards
  4 kobolds
  4 rats
117 creatures vanquished.

Vanquished Creatures (others)
  3 plants (D:3)
3 creatures vanquished.

Grand Total: 120 creatures vanquished

Notes
Turn   | Place    | Note
-------+----------+-------------------------------------------
     0 | D:1      | Earthwalker the Minotaur Fighter began the quest for the
                  | Orb.
     0 | D:1      | Reached XP level 1. HP: 19/19 MP: 0/0
   165 | D:1      | Reached XP level 2. HP: 17/27 MP: 1/1
   362 | D:1      | Found a faded altar of an unknown god.
  1022 | D:2      | Reached XP level 3. HP: 32/33 MP: 2/2
  1116 | D:2      | Noticed Jessica
  1123 | D:2      | Killed Jessica
  1126 | D:2      | Reached XP level 4. HP: 18/41 MP: 3/3
  1542 | D:2      | Noticed Natasha
  1548 | D:2      | Killed Natasha
  1710 | D:2      | Noticed Natasha
  1715 | D:2      | Killed Natasha
  1753 | D:2      | Noticed Sigmund
  1767 | D:3      | Found a shadowy altar of Dithmenos.
  1809 | D:3      | Found an iron altar of Okawaru.
  1818 | D:3      | Became a worshipper of Warmaster Okawaru
  2014 | D:3      | Reached XP level 5. HP: 47/47 MP: 4/4
  2520 | D:2      | Noticed Natasha
  2522 | D:2      | Killed Natasha
  2673 | D:2      | Killed Sigmund
  2674 | D:2      | Reached skill level 5 in Fighting
  2674 | D:2      | Reached skill level 5 in Armour
  2674 | D:2      | Reached skill level 5 in Shields
  2674 | D:2      | Reached XP level 6. HP: 26/56 MP: 5/5
  2873 | D:4      | Found a shimmering altar of Xom.
  2874 | D:4      | Noticed Dowan
  2876 | D:4      | Noticed Duvessa
  2889 | D:4      | Killed Dowan
  2889 | D:4      | Reached * piety under Okawaru
  2891 | D:4      | Killed Duvessa
  2906 | D:3      | Reached skill level 5 in Axes
  2906 | D:3      | Reached XP level 7. HP: 15/62 MP: 6/6
  3812 | D:4      | Found a staircase to the Ecumenical Temple.
  4271 | D:5      | Entered Level 5 of the Dungeon
  4294 | D:5      | Reached ** piety under Okawaru
  4827 | D:5      | Reached XP level 8. HP: 71/71 MP: 7/7
  5393 | D:5      | HP: 2/73 [ice beast (11)]
  5396 | D:5      | Killed from afar by an orc priest

Illustrated notes

Levels and vault maps discovered:
D:1:      minmay_arrival_statue_studded, layout_basic,
          shapermc_ecumenical_altar_ellora, nicolae_titane
D:2:      layout_basic, ebering_dispersal_statue_hall, uniq_sigmund,
          uniq_natasha, uniq_jessica
D:3:      cheibrodos_old_hovel, layout_loops_cross, overflow_temple_1_default,
          mainiacjoe_overflow_boulevard
D:4:      layout_cave_pods, nicolae_overflow_crystal_walls, temple_pool_b,
          chequers_serial_rivers_small_a, uniq_duvessa
D:5:      layout_loops_corners, nicolae_wu_jian_wuxing_cycle, st_stairs_10,
          minmay_quadrilaterals
D:6:      layout_gridville

Skill      XL: |  1  2  3  4  5  6  7  8 |
---------------+-------------------------+-----
Shields        | 4 5 6 7 |  7.0
Fighting       | 4 5 6 7 |  7.0
Armour         | 4 5 6 |  6.9
Axes           | 3 4 5 6 |  6.4

Action                   |  1- 3 |  4- 6 |  7- 9 || total
-------------------------+-------+-------+-------++-------
Melee: War axe           |    53 |    92 |    82 ||   227
       Headbutt          |     9 |    13 |    18 ||    40
       Broad axe         |       |       |    61 ||    61
Throw: Boomerang         |       |       |    17 ||    17
       Dart              |       |       |     2 ||     2
Armor: Scale mail        |    23 |    31 |    63 ||   117
Dodge: Dodged            |    21 |    43 |    63 ||   127
Block: Buckler           |    10 |    19 |    37 ||    66
